 Dungeon Crawl Stone Soup version 0.28-a0-1510-gd0f6b136d3 (webtiles) character file.

Game seed: 1459946663030557907

34444 shadowrider38 the Impaler (level 13, -12/117 HPs)
             Began as a Merfolk Gladiator on Jan 15, 2022.
             Was an Initiate of Gozag.
             Mangled by a dream sheep (21 damage)
             ... on level 5 of the Lair of Beasts.
             The game lasted 00:40:20 (26191 turns).

shadowrider38 the Impaler (Merfolk Gladiator)      Turns: 26191, Time: 00:40:21

Health: -12/117    AC: 11    Str: 18    XL:     13   Next: 77%
Magic:  13/13      EV:  2    Int: 12    God:    Gozag
Gold:   1045       SH:  0    Dex: 22    Spells: 12/12 levels left

rFire   . . .      SeeInvis .   a - +3 halberd
rCold   . . .      Faith    .   (shield currently unavailable)
rNeg    . . .      Spirit   .   x - +2 leather armour {rPois}
rPois   +          Reflect  +   c - +0 helmet
rElec   +          Harm     .   K - +2 cloak
rCorr   .          Rampage  .   C - +0 pair of gloves
Will    +....                   O - +0 pair of boots of the Burnt Heron {rElec Int+3 Dex+7 Stlth-}
Stlth   +.........              L - amulet of reflection
HPRegen 0.29/turn               W - ring of willpower
MPRegen 0.13/turn               (no ring)

@: sleeping
A: (nimble swimmer 2), mertail
a: Renounce Religion, Potion Petition, Call Merchant, Bribe Branch


You were on level 5 of the Lair of Beasts.
You worshipped Gozag.
Gozag was most pleased with you.
You visited 3 branches of the dungeon, and saw 16 of its levels.
You also visited: Bailey.

You collected 3082 gold pieces.
You spent 738 gold pieces at shops.
You paid 1299 gold pieces to Gozag.

Inventory:

Hand Weapons
 a - a +3 halberd (weapon)
 b - a +4 flail of protection
 m - the +5 hand axe "Qeack" {vorpal, rN+}
   (You found it on level 7 of the Dungeon)

   It inflicts extra damage upon your enemies.
   rN:        It protects you from negative energy.
Missiles
 d - 4 throwing nets (quivered)
 f - 38 poisoned darts
 l - 10 javelins
 y - 13 atropa-tipped darts
 F - 20 boomerangs
 G - 7 curare-tipped darts
 H - 7 datura-tipped darts
Armour
 c - a +0 helmet (worn)
 x - a +2 leather armour of poison resistance (worn)
 C - a +0 pair of gloves (worn)
 K - a +2 cloak (worn)
 O - the +0 pair of boots of the Burnt Heron (worn) {rElec Int+3 Dex+7 Stlth-}
   (You found it on level 2 of the Lair of Beasts)

   Int:       It affects your intelligence (+3).
   Dex:       It affects your dexterity (+7).
   rElec:     It insulates you from electricity.
   Stlth:     It makes you less stealthy.
Jewellery
 L - an amulet of reflection (around neck)
 W - a ring of willpower (left hand)
Wands
 g - a wand of digging (5)
 v - a wand of flame (26)
 z - a wand of acid (4)
 I - a wand of iceblast (2)
 M - a wand of mindburst (29)
 S - a wand of polymorph (9)
 T - a wand of paralysis (4)
Scrolls
 e - a scroll of acquirement {unknown}
 j - a scroll of fog
 p - 5 scrolls of teleportation
 r - a scroll of enchant weapon {unknown}
 s - a scroll of vulnerability {unknown}
 t - 4 scrolls of amnesia
 A - 2 scrolls of summoning
 B - a scroll of fear {unknown}
 E - a scroll of magic mapping {unknown}
 P - 2 scrolls of immolation {unknown}
 R - a scroll of silence
 Y - a scroll of torment
Potions
 h - a potion of magic
 i - 5 potions of lignification
 k - a potion of brilliance
 n - 3 potions of mutation
 u - a potion of attraction
 w - 2 potions of resistance
 D - 4 potions of might
 J - 2 potions of ambrosia
 V - a potion of cancellation
 X - a potion of heal wounds
 Z - a potion of berserk rage
Miscellaneous
 Q - a box of beasts
 U - a lightning rod (4/4)


   Skills:
 + Level 16.1 Fighting
 - Level 17.1 Polearms
 - Level 2.0 Throwing
 + Level 15.6 Dodging
 - Level 5.0 Evocations


You had 12 spell levels left.
You didn't know any spells.
Your spell library contained the following spells:

 Spells                   Type           Power      Damage    Failure   Level
 Animate Skeleton         Necr           0%         N/A       36%         1
 Apportation              Tloc           0%         N/A       36%         1
 Pain                     Necr           0%         1d4       36%         1
 Sandblast                Erth           0%         2d4       36%         1
 Slow                     Hex            0%         N/A       36%         1
 Summon Small Mammal      Summ           0%         N/A       36%         1
 Blink                    Tloc           0%         N/A       52%         2
 Passwall                 Tmut/Erth      0%         N/A       52%         2
 Scorch                   Fire           0%         2d5       52%         2
 Sublimation of Blood     Necr           0%         N/A       52%         2
 Wereblood                Tmut           0%         N/A       52%         2
 Confusing Touch          Hex            0%         N/A       75%         3
 Ignite Poison            Fire/Tmut/Pois 0%         N/A       75%         3
 Lesser Beckoning         Tloc           0%         N/A       75%         3
 Mephitic Cloud           Conj/Pois/Air  0%         N/A       75%         3
 Portal Projectile        Hex/Tloc       0%         N/A       75%         3
 Stone Arrow              Conj/Erth      0%         3d7       75%         3
 Vampiric Draining        Necr           0%         2d6       75%         3
 Flame Wave               Conj/Fire      0%         2d4       98%         4
 Summon Lightning Spire   Summ/Air       0%         N/A       98%         4
 Agony                    Necr           0%         N/A       100%        5
 Blade Hands              Tmut           0%         N/A       100%        5
 Excruciating Wounds      Necr           0%         N/A       100%        5
 Freezing Cloud           Conj/Ice/Air   0%         6-21      100%        5
 Manifold Assault         Tloc           0%         N/A       100%        5
 Summon Cactus Giant      Summ           0%         N/A       100%        6
 Storm Form               Tmut/Air       0%         N/A       100%        7
 Summon Hydra             Summ           0%         N/A       100%        7
 Maxwell's Capacitive Co  Air            0%         ∞         100%        8


Dungeon Overview and Level Annotations

Branches:
Dungeon (10/15)            Temple (1/1) D:6            Lair (5/6) D:10
  Swamp (0/4) Lair:3       Spider (0/4) Lair:2          Orc (0/2) D:10
 Bailey (visited)
  Slime: Lair:5-6

Altars:
Ashenzari
Cheibriados
Dithmenos
Elyvilon
Fedhas
Gozag
Hepliaklqana
Kikubaaqudgha
Makhleb
Nemelex Xobeh
Okawaru
Qazlal
Ru
Sif Muna
Trog
Uskayaw
Vehumet
Wu Jian
Xom
Yredelemnul
Zin
The Shining One

Shops:
D:1 ?:!(   D:4 =*!!   D:10 [

Annotations:
D:9 Erolcha


Innate Abilities, Weirdness & Mutations

((You are very nimble when in or above water. (Stealth+, EV+, Speed+++)))
Your lower body shifts to a powerful aquatic tail in water.


Message History

The catoblepas breathes a plume of calcifying dust at you.
The blast of calcifying dust hits you.
You are engulfed in calcifying dust.
The catoblepas gores you but does no damage.
You are engulfed in calcifying dust.
The dream sheep bites you but does no damage.
The catoblepas gores you but does no damage.
You are engulfed in calcifying dust.
The dream sheep bites you but does no damage.
The catoblepas gores you!!
* * * LOW HITPOINT WARNING * * *
The dream sheep bites you but does no damage.
The catoblepas gores you!!
* * * LOW HITPOINT WARNING * * *
The dream sheep bites you.
* * * LOW HITPOINT WARNING * * *
The catoblepas gores you but does no damage.
You turn to flesh and can move again.
The dream sheep bites you.
* * * LOW HITPOINT WARNING * * *
The catoblepas breathes a plume of calcifying dust at you.
The blast of calcifying dust hits you!
* * * LOW HITPOINT WARNING * * *
Unknown command.
Unknown command.
Unknown command.
Unknown command.
Unknown command.
Okay, then.
You feel much better.
You are engulfed in calcifying dust.
The dream sheep ruffle their wool and motes of dream dust sparkle, to no effect. x2
The catoblepas stomps with a crash on the ground.
The catoblepas gores you!!
* * * LOW HITPOINT WARNING * * *
The dream sheep shake their wool and sparkle.
You feel drowsy...
You fall asleep.
The dream sheep is engulfed in calcifying dust.
The dream sheep is moving more slowly.
The dream sheep bites you!!
You die...
Your body crumbles into a pile of gold.

##.......... ###.#....... $
#P........#. .. ##.......... ..
#........##. Y♣ ### ###
#.....#.##.. Y♣♣ ..♣# ♣.♣
#.....#####. ♣Y.
♣.♣♣♣.♣♣#...#...##.. ♣..
♣YY@.♣......#.≈≈#.≈≈
♣..♣♣♣.♣♣♣.♣♣#......≈≈≈≈. ♣hhY♣#
♣.♣ #......≈..≈. #####
############ #.....≈.♣≈≈≈ ##...##
#..###..# #####.....≈≈.≈≈
#.....###P..#...###.###......≈.♣.
................P..#.#.....≈♣≈≈..
........P...........###...≈..≈..[
...?.............#...##...P≈≈.♣..


You could see a catoblepas, a polar bear and 2 dream sheep.

Vanquished Creatures
  Harold (D:7)
  5 hydras
  Erica (D:9)
  2 two-headed ogres
  The ghost of pigah the Zephyrmancer, a novice OpAE of Sif Muna (Lair:1)
  Pikel (D:7)
  An ugly thing (D:7)
  Maurice (D:8)
  Joseph (D:8)
  A black mamba (Lair:3)
  5 cane toads
  A komodo dragon (Lair:4)
  3 rime drakes
  Maggie (D:8)
  A polar bear (Lair:5)
  3 trolls
  A tyrant leech (Lair:3)
  4 blink frogs (Lair:5)
  3 jumping spiders (Lair:2)
  6 dream sheep
  Sigmund (D:2)
  3 wyverns
  13 yaks
  Grum (D:9)
  3 basilisks
  Menkaure (D:6)
  3 swamp worms (Lair:3)
  Edmund (D:5)
  An acid dragon (D:10)
  11 water moccasins
  8 orc warriors
  2 black bears
  An ice beast (D:6)
  3 necrophages
  2 sky beasts
  A hornet zombie (D:8)
  2 ogres
  A centaur (D:8)
  8 wolves
  3 phantoms
  7 kobold brigands
  8 bullfrogs
  A gnoll sergeant (D:9)
  3 scorpions
  Blork the orc (D:6)
  Dowan (D:7)
  A water moccasin skeleton (D:5)
  4 wights
  4 killer bees
  An electric eel (D:7)
  3 howler monkeys
  2 bullfrog zombies (D:5)
  4 centaur zombies
  3 hounds (D:5)
  3 gnoll shamans
  2 jellies
  2 orc priests
  An iguana (D:6)
  7 orc wizards
  7 hell rats (Lair:5)
  A hound zombie (D:5)
  A hound skeleton (D:4)
  2 howler monkey zombies (D:9)
  22 gnolls
  A howler monkey skeleton (D:6)
  2 adders
  A white imp (D:6)
  An adder skeleton (D:4)
  3 worms (D:2)
  A dart slug (D:2)
  30 orcs
  8 endoplasms
  5 giant cockroaches
  7 goblins
  11 hobgoblins
  7 jackals
  24 kobolds
  A quokka (D:1)
  8 ball pythons
  6 bats
  2 frilled lizards
  9 rats
330 creatures vanquished.

Vanquished Creatures (collateral kills)
  A hydra (Lair:2)
  Duvessa (D:7)
2 creatures vanquished.

Vanquished Creatures (others)
  A dancing weapon (Lair:1)
  28 fungi
  19 plants
48 creatures vanquished.

Grand Total: 380 creatures vanquished

Notes
Turn   | Place    | Note
-------+----------+-------------------------------------------
     0 | D:1      | shadowrider38 the Merfolk Gladiator began the quest for the
                  | Orb.
     0 | D:1      | Reached XP level 1. HP: 16/16 MP: 1/1
    36 | D:1      | Found Irhis's Magic Scroll Shoppe.
   570 | D:1      | Reached skill level 5 in Polearms
   570 | D:1      | Reached XP level 2. HP: 23/23 MP: 2/2
   570 | D:1      | Found Zoskumuc's Distillery.
   575 | D:1      | Found Caoh's Antique Weapon Shoppe.
   625 | D:1      | Found Yrutedwu's Book Emporium.
  1165 | D:2      | Noticed Sigmund
  1281 | D:2      | Reached XP level 3. HP: 22/28 MP: 3/3
  1460 | D:2      | Reached skill level 6 in Polearms
  1711 | D:2      | Reached XP level 4. HP: 35/35 MP: 4/4
  1720 | D:2      | Found a faded altar of an unknown god.
  2199 | D:2      | Killed Sigmund
  2200 | D:2      | Reached skill level 8 in Polearms
  2200 | D:2      | Reached XP level 5. HP: 31/42 MP: 5/5
  2200 | D:2      | Reached XP level 6. HP: 35/48 MP: 6/6
  2745 | D:3      | Found a snail-covered altar of Cheibriados.
  2745 | D:3      | Found a stormy altar of Qazlal.
  3050 | D:3      | HP: 2/49 [orc (5)]
  3740 | D:4      | Found Hausiot's Distillery.
  4000 | D:1      | Bought a scroll of blinking for 90 gold pieces
  4196 | D:4      | Reached skill level 9 in Polearms
  4411 | D:4      | Found Jecwolesh's Distillery.
  4700 | D:4      | Reached XP level 7. HP: 52/55 MP: 5/7
  4720 | D:4      | Found Pilac's General Store.
  4919 | D:4      | Found Runaic's Jewellery Boutique.
  4958 | D:4      | Reached skill level 5 in Fighting
  5136 | D:5      | Entered Level 5 of the Dungeon
  5243 | D:5      | Reached skill level 10 in Polearms
  5243 | D:5      | Reached skill level 1 in Evocations
  5584 | D:5      | Reached XP level 8. HP: 19/64 MP: 4/8
  6289 | D:5      | Reached skill level 5 in Evocations
  6425 | D:5      | Noticed Edmund
  7126 | D:5      | Killed Edmund
  7127 | D:5      | Reached skill level 11 in Polearms
  7451 | D:6      | Found a staircase to the Ecumenical Temple.
  7462 | Temple   | Entered the Ecumenical Temple
  7690 | Temple   | Became a worshipper of Gozag Ym Sagoz the Greedy
  8091 | D:6      | Reached XP level 9. HP: 53/72 MP: 6/9
  8234 | D:6      | Reached skill level 12 in Polearms
  9104 | D:6      | Noticed Menkaure
  9110 | D:6      | Reached skill level 13 in Polearms
  9374 | D:6      | Killed Menkaure
 10701 | D:6      | Noticed Blork the orc
 11053 | D:7      | Noticed Duvessa
 11064 | D:7      | Killed Duvessa
 11066 | D:7      | Noticed Dowan
 11088 | D:7      | Killed Dowan
 11168 | D:7      | Reached skill level 14 in Polearms
 11218 | D:7      | Found a hazy altar of Hepliaklqana.
 11244 | D:7      | Found a broken altar of Ashenzari.
 11257 | D:7      | Found a shimmering blue altar of Sif Muna.
 11283 | D:7      | Found a shadowy altar of Dithmenos.
 11399 | D:7      | Noticed a two-headed ogre
 11453 | D:7      | Killed a two-headed ogre
 11454 | D:7      | Reached skill level 10 in Fighting
 11454 | D:7      | Reached XP level 10. HP: 27/85 MP: 2/10
 11463 | D:7      | Found a flagged portal.
 11471 | D:7      | Identified the +5 hand axe "Qeack" {vorpal, rN+}
 11477 | Bailey   | Entered a bailey
 12148 | Bailey   | Reached skill level 5 in Dodging
 12520 | Bailey   | Found a burning altar of Makhleb.
 12699 | D:7      | Noticed Harold
 12759 | D:6      | Killed Blork the orc
 13012 | D:7      | Killed Harold
 14281 | D:8      | Noticed a brown ugly thing
 14333 | D:7      | Killed a brown ugly thing
 14601 | D:8      | Noticed Maurice
 14611 | D:8      | Noticed a two-headed ogre
 14619 | D:8      | Killed Maurice
 14627 | D:8      | Killed a two-headed ogre
 14628 | D:8      | Reached XP level 11. HP: 51/95 MP: 6/11
 14933 | D:8      | Noticed Joseph
 14945 | D:8      | Killed Joseph
 15345 | D:8      | Noticed Maggie
 15364 | D:8      | Killed Maggie
 15742 | D:8      | Noticed Pikel
 15819 | D:7      | Killed Pikel
 15820 | D:7      | Reached skill level 10 in Dodging
 16109 | D:8      | Found a basalt altar of Yredelemnul.
 16511 | D:9      | Noticed Erica
 16540 | D:9      | HP: 1/96 [something/lance of force (13)]
 16954 | D:9      | Killed Erica
 17603 | D:9      | Noticed Grum
 17609 | D:9      | Noticed Erolcha
 17817 | D:9      | Killed Grum
 17938 | D:10     | Entered Level 10 of the Dungeon
 18077 | D:10     | Found Rapsob's Armour Emporium.
 18083 | D:10     | Reached skill level 15 in Polearms
 18159 | D:10     | Found a staircase to the Orcish Mines.
 18471 | D:10     | Found a staircase to the Lair.
 18821 | D:1      | Bought a potion of experience for 600 gold pieces
 18821 | D:1      | Bought a potion of might for 48 gold pieces
 18822 | D:1      | Reached skill level 17 in Polearms
 18822 | D:1      | Reached XP level 12. HP: 106/106 MP: 12/12
 19066 | Lair:1   | Entered Level 1 of the Lair of Beasts
 19172 | Lair:1   | Noticed a four-headed hydra
 19227 | Lair:1   | Killed a five-headed hydra
 20009 | Lair:1   | Found a runed translucent door.
 20010 | Lair:1   | Found a shimmering altar of Xom.
 20010 | Lair:1   | Noticed pigah's ghost (novice OpAE)
 20433 | Lair:1   | Reached XP level 13. HP: 80/114 MP: 0/13
 20438 | Lair:1   | Killed pigah's ghost
 21425 | Lair:2   | Found a hole to the Spider Nest.
 21776 | Lair:2   | Identified the +0 pair of boots of the Burnt Heron {rElec
                  | Int+3 Dex+7 Stlth-}
 22268 | Lair:3   | Reached skill level 15 in Fighting
 23503 | Lair:3   | Found a staircase to the Swamp.
 25049 | Lair:4   | Reached skill level 15 in Dodging
 26191 | Lair:5   | Mangled by a dream sheep

Illustrated notes

Levels and vault maps discovered:
D:1:      lemuel_arrival_room, layout_basic, serial_shops, nicolae_shop_stone,
          nicolae_shop_window_shopping, nicolae_shop_overgrown_old_shop,
          nicolae_shop_competitors_out_of_business, corexii_hall_statues_u
D:2:      layout_basic, hellmonk_ecumenical_altar_lost_god, grunt_ministairs_10,
          uniq_sigmund
D:3:      layout_basic, chequers_temple_overflow_statue_of_worship,
          glass_columns_b, kennysheep_minor_cross
D:4:      layout_loops_cross, serial_shops, nicolae_shop_advertising_works
          [nicolae_subvault_shop_adworks], shop,
          nicolae_shop_temple_entry_statues_fountains, kennysheep_mini_moat
D:5:      layout_loops_ring, uniq_edmund
D:6:      layout_basic, minmay_temple_entry_junction, uniq_menkaure,
          uniq_blork_the_orc
D:7:      layout_cave_pools, nicolae_overflow_quartered_altars, enter_bailey_2,
          serial_bayou_ford_a, hex_medium, uniq_harold, uniq_duvessa
D:8:      layout_basic, general_overflow_altar, sigmund_army, uniq_pikel,
          uniq_joseph, uniq_maggie, uniq_maurice
D:9:      layout_cave_pools, minmay_misc_feat_alley, uniq_erica, uniq_grum,
          uniq_erolcha
D:10:     layout_rooms, lair_entry_dummy, orc_0_dummy, serial_shops,
          shop_fountains
Temple:   regret_index_temple_generic_petals
Lair:1:   layout_chaotic_city, ebering_ghost_xom
Lair:2:   layout_loops_ring, spider_nest_entry_a, serial_bayou_shore_a
Lair:3:   layout_loops_ring, palyth_hydra_swamp_entry,
          infiniplex_staircase_pool_2, lemuel_fruit_tree
Lair:4:   layout_cave_shapes, gauntlet_entry_generic, grunt_megastairs_5,
          infiniplex_staircase_pool
Lair:5:   nzn_winding_woodlands_large [nzn_winding_woodlands_5x5_perimeter,
          nzn_winding_woodlands_5x15_sawtooth, nzn_winding_woodlands_hourglass,
          nzn_winding_woodlands_center_pierced_h,
          nzn_winding_woodlands_15x15_thick_spiral,
          nzn_winding_woodlands_center_diamonds,
          nzn_winding_woodlands_5x5_closed_star,
          nzn_winding_woodlands_5x15_zeroes, nzn_winding_woodlands_5x5_cross],
          layout_loops_ring, serial_rivers, chequers_serial_rivers_small_b,
          chequers_serial_rivers_micro_e, chequers_serial_rivers_marsh,
          chequers_serial_rivers_room_a, uniq_josephine

Skill      XL: |  1  2  3  4  5  6  7  8  9 10 11 12 13 |
---------------+----------------------------------------+-----
Polearms       | 5 6 8 9 10 11 14 17 | 17.1
Fighting       | 3 4 6 7 10 12 13 14 16 | 16.1
Evocations     | 3 5 |  5.0
Dodging        | 9 12 15 | 15.6
Throwing       | |  2.0

Action                   |  1- 3 |  4- 6 |  7- 9 | 10-12 | 13-15 || total
-------------------------+-------+-------+-------+-------+-------++-------
Melee: Trident           |   142 |   181 |   428 |    36 |       ||   787
       Punch             |     1 |     2 |     8 |     3 |       ||    14
       Flail             |       |       |       |   121 |    44 ||   165
       Halberd           |       |       |       |   325 |   335 ||   660
       Hand axe          |       |       |       |    19 |       ||    19
       Tailslap          |       |       |       |     7 |     7 ||    14
       Spear             |       |       |       |     7 |       ||     7
Throw: Dart              |       |     4 |     8 |     7 |       ||    19
       Throwing net      |       |     3 |       |       |       ||     3
       Javelin           |       |       |     5 |     6 |       ||    11
       Boomerang         |       |       |       |     3 |       ||     3
Invok: Potion Petition   |       |       |       |     2 |     1 ||     3
Evoke: Wand              |       |       |     8 |     7 |     2 ||    17
       Box of beasts     |       |       |       |       |     1 ||     1
  Use: Scroll            |       |     4 |     6 |     2 |     8 ||    20
       Potion            |       |     1 |     1 |     5 |     1 ||     8
 Stab: Sleeping          |     2 |     1 |     1 |     2 |       ||     6
       Distracted        |       |       |     1 |     2 |     2 ||     5
       Invisible         |       |       |     2 |       |       ||     2
Armor: Leather armour    |    23 |     9 |    64 |    98 |   116 ||   310
       Ring mail         |       |    17 |       |       |       ||    17
Dodge: Dodged            |    70 |    77 |   152 |   408 |   445 ||  1152
Block: Other             |       |       |       |       |    84 ||    84
       Reflection        |       |       |       |       |     2 ||     2

Table legend: (Time is in decaauts)
 A = Elapsed time spent in this place.
 B = Non-inter-level travel time spent in this place.
 C = Inter-level travel time spent in this place.
 D = Time resting spent in this place.
 E = Time spent auto-exploring this place.
 F = Levels seen in this place.
 G = Mean time per level.
                   A        B        C        D        E       F      G
               +--------+--------+--------+--------+--------+-----+--------+
         Total |  25892 |  24075 |   1817 |  10143 |   9535 |  17 | 1523.1 |
       Dungeon |  17639 |  16261 |   1378 |   7007 |   6450 |  10 | 1763.9 |
        Temple |    491 |    461 |     30 |    243 |    209 |   1 |  491.0 |
          Lair |   6629 |   6221 |    408 |   2298 |   2779 |   5 | 1325.8 |
        Bailey |   1131 |   1131 |      0 |    595 |     96 |   1 | 1131.0 |
               +--------+--------+--------+--------+--------+-----+--------+

Top non-repeatable levels by time:
     D:6: 2823 daAuts
     D:5: 2560 daAuts
     D:8: 2190 daAuts
     D:7: 2024 daAuts
  Lair:3: 1936 daAuts
  Lair:2: 1691 daAuts
  Lair:1: 1640 daAuts
     D:4: 1531 daAuts
     D:1: 1512 daAuts
     D:2: 1371 daAuts
     D:9: 1332 daAuts
     D:3: 1314 daAuts
  Bailey: 1131 daAuts
    D:10: 979 daAuts
  Lair:4: 800 daAuts
